 Dungeon Crawl Stone Soup version 0.32-a0-484-g2eb335deba (webtiles) character file.

Game seed: 11875674886632827232

16 Dirtsage the Shooter (level 2, -6/22 HPs)
             Began as a Demonspawn Hunter on Feb 26, 2024.
             Mangled by Sigmund
             ... wielding a +0 scythe
              (7 damage)
             ... on level 2 of the Dungeon.
             The game lasted 00:00:38 (863 turns).

Dirtsage the Shooter (Demonspawn Hunter)             Turns: 863, Time: 00:00:38

Health: -6/22      AC:  3    Str: 11    XL:     2   Next: 41%
Magic:  2/2        EV: 11    Int: 11    God:
Gold:   48         SH:  0    Dex: 16    Spells: 1/1 levels left

rFire   . . .        a - +0 shortbow
rCold   . . .        (shield currently unavailable)
rNeg    . . .        c - +0 leather armour
rPois   .            (no helmet)
rElec   .            (no cloak)
rCorr   .            (no gloves)
SInv    .            (no boots)
Will    .....        (no amulet)
Stlth   +            (no ring)
HPRegen 0.23/turn    (no ring)
MPRegen 0.08/turn

%: no passive effects
@: no status effects
A: big brain 1
a: no special abilities


You were on level 2 of the Dungeon.
You visited 1 branch of the dungeon, and saw 2 of its levels.

You collected 48 gold pieces.

Inventory:

Hand Weapons
 a - a +0 shortbow (weapon)
Missiles
 d - a throwing net
Armour
 c - a +0 leather armour (worn)
Scrolls
 b - a scroll of butterflies
 e - a scroll of teleportation {unknown}
 f - a scroll of enchant weapon {unknown}
 h - 3 scrolls of fog {unknown}
Potions
 g - a potion of enlightenment {unknown}


   Skills:
 - Level 2.0 Fighting
 + Level 4.2 Ranged Weapons
 - Level 1.7 Dodging
 - Level 0.8 Stealth


You had one spell level left.
You didn't know any spells.
Your spell library was empty.

Dungeon Overview and Level Annotations

Branches:
Dungeon (2/15)

Altars:

Annotations:
D:2 Sigmund


Innate Abilities, Weirdness & Mutations

You have an unusually large brain. (Int +2)


Message History

Sigmund shouts!
The adder bites you.
You are poisoned.
The adder poisons you!
The frilled lizard bites you but does no damage.
You take 3 damage, and have 11/22 hp.
You shoot an arrow. The arrow misses the adder.
You feel sick. The adder misses you. The frilled lizard barely misses you.
The adder bites you.
You take 4 damage, and have 7/22 hp.
You shoot an arrow. The arrow hits the adder.
The adder is severely wounded.
You feel sick. The adder bites you.
* * * LOW HITPOINT WARNING * * *
The frilled lizard bites you.
* * * LOW HITPOINT WARNING * * *
Sigmund casts a spell.
Sigmund flickers and vanishes!
Deactivating autopickup; reactivate with Ctrl-A.
The adder barely misses you.
You take 3 damage, and have 4/22 hp.
You shoot an arrow. The arrow hits the adder.
The adder is almost dead.
* * * LOW HITPOINT WARNING * * *
You feel sick. The frilled lizard closely misses you.
The adder closely misses you. The frilled lizard closely misses you.
You take 2 damage, and have 2/22 hp.
You shoot an arrow. The arrow barely misses the adder.
* * * LOW HITPOINT WARNING * * *
You feel sick. The adder completely misses you.
The adder bites you but does no damage.
The frilled lizard bites you but does no damage.
You shoot an arrow.
The arrow hits the adder but does no damage.
The adder is almost dead.
* * * LOW HITPOINT WARNING * * *
You feel sick.
You are no longer poisoned.
The adder bites you but does no damage. Something hits you!
You die...

........# ..†....
...... .... ...
#†################
#Sl...............
#@.#######........
##.....###.######.
#...#...#.#<†....
#...###..........
#...# ##.........
#ß...ß #...##....
##...## ##..# .###
#...# .......
#...# ##.###.#.


You could see an adder and a frilled lizard.

Vanquished Creatures
  3 ball pythons (D:1)
  3 bats
  A giant cockroach (D:1)
  4 hobgoblins (D:1)
  2 jackals (D:2)
  A rat (D:1)
14 creatures vanquished.

Notes
Turn   | Place    | Note
-------+----------+-------------------------------------------
     0 | D:1      | Dirtsage the Demonspawn Hunter began the quest for the Orb.
     0 | D:1      | Reached XP level 1. HP: 16/16 MP: 1/1
   569 | D:1      | Reached skill level 4 in Ranged Weapons
   652 | D:1      | Gained mutation: You have an unusually large brain. (Int
                  | +2) [demonic ancestry]
   652 | D:1      | Reached XP level 2. HP: 22/22 MP: 2/2
   857 | D:2      | Noticed Sigmund
   863 | D:2      | HP: 1/22 [poisoned by an adder]
   863 | D:2      | Mangled by Sigmund

Illustrated notes

Levels and vault maps discovered:
D:1:      dpeg_arrival_circle_labyrinth_a, layout_loops_ring,
          minmay_misc_feat_room, minmay_misc_feat_five, chequers_jeans,
          dk_noncrumbling_2
D:2:      layout_basic, serial_corexii_hall, corexii_hall_statues_i,
          corexii_hall_statues_s, shapermc_ecumenical_altar_flowoftime,
          minmay_joined_circles, uniq_sigmund

Skill      XL: |  1 |
---------------+----+-----
Ranged Weapons | 4 |  4.2
Fighting       | |  2.0
Dodging        | |  1.7
Stealth        | |  0.8

Action                     || total
---------------------------++-------
   Fire: Shortbow          ||    43
 Armour: Leather armour    ||    20
  Dodge: Dodged            ||    16

Table legend: (Time is in decaauts)
 A = Elapsed time spent in this place.
 B = Non-inter-level travel time spent in this place.
 C = Inter-level travel time spent in this place.
 D = Time resting spent in this place.
 E = Time spent auto-exploring this place.
 F = Levels seen in this place.
 G = Mean time per level.
                   A        B        C        D        E       F      G
               +--------+--------+--------+--------+--------+-----+--------+
         Total |    872 |    870 |      2 |      0 |    799 |   2 |  436.0 |
       Dungeon |    872 |    870 |      2 |      0 |    799 |   2 |  436.0 |
               +--------+--------+--------+--------+--------+-----+--------+

Top non-repeatable levels by time:
     D:1: 807 daAuts
     D:2: 65 daAuts
